 Dungeon Crawl Stone Soup version 0.19.0-19-g8c6edcc (webtiles) character file.

39 Chiseanne the Chucker (level 3, 0/18 HPs)
             Began as a Spriggan Hunter on Nov 15, 2016.
             Succumbed to an adder's poison
             ... on level 2 of the Dungeon.
             The game lasted 00:01:47 (1927 turns).

Chiseanne the Chucker (Spriggan Hunter)             Turns: 1927, Time: 00:01:47

Health: 0/18       AC:  2    Str:  8    XL:     3   Next: 26%
Magic:  4/4        EV: 19    Int: 12    God:
Gold:   109        SH:  0    Dex: 17    Spells: 0 memorised, 2 levels left

rFire  . . .     SeeInvis +     a - +0 short sword
rCold  . . .     Gourm    .     b - +0 robe
rNeg   . . .     Faith    .     (shield restricted)
rPois  +         Spirit   .     (helmet restricted)
rElec  .         Reflect  .     (no cloak)
rCorr  .         Harm     .     (gloves unavailable)
MR     .....                    (boots unavailable)
Stlth  ++........               (no amulet)
                                (no ring)
                                (no ring)

@: lethally poisoned (0 -> -4), very quick
A: unfitting armour, hooves 1, see invisible, herbivore 3, speed 3, poison
resistance, slow metabolism 2, wild magic 1
a: no special abilities


You were on level 2 of the Dungeon.
You were not hungry.

You visited 1 branch of the dungeon, and saw 2 of its levels.

You collected 109 gold pieces.

Inventory:

Hand Weapons
 a - a +0 short sword (weapon)
Missiles
 c - 15 tomahawks (quivered)
 d - 2 throwing nets
 e - 53 stones
 i - 41 arrows
 n - 20 bolts
Armour
 b - a +0 robe (worn)
Scrolls
 g - a scroll of amnesia {unknown}
 j - a scroll of fear {unknown}
 m - a scroll of recharging {unknown}
Potions
 o - a potion of resistance {unknown}
 p - a potion of flight {unknown}
Comestibles
 f - 2 bread rations
 h - 4 fruits


   Skills:
 * Level 2.2 Fighting
 * Level 4.3 Throwing
 * Level 4.0 Dodging
 - Level 1.5 Stealth


You had 2 spell levels left.
You didn't know any spells.

Dungeon Overview and Level Annotations

Branches:
Dungeon (2/15)

Altars:


Innate Abilities, Weirdness & Mutations

You are very small and have problems with some larger weapons.
You are too small for most types of armour.
You have supernaturally acute eyesight. (SInv)
You are a herbivore.
You cover ground extremely quickly.
You need consume almost no food.
You have large cloven feet.
Your system is resistant to poisons. (rPois)
Your spells are a little harder to cast, but a little more powerful.


Message History

* * * LOW HITPOINT WARNING * * *
You are too injured to fight recklessly!
You are too injured to fight recklessly!
You are too injured to fight recklessly!
You are too injured to fight recklessly!
You are too injured to fight recklessly!
You are too injured to fight recklessly!
You are too injured to fight recklessly!
You are too injured to fight recklessly!
You are too injured to fight recklessly!
You are too injured to fight recklessly!
* * * LOW HITPOINT WARNING * * *
You feel sick.
It was a potion of mutation.
You feel extremely strange.
You feel resistant to poisons.
You feel less in control of your magic.
Your feet thicken and deform.
The adder bites you.
* * * LOW HITPOINT WARNING * * *
It was a potion of magic.
Magic courses through your body.
You die...

#.#......#.###########
#.###.##.#.# #
#.....##.#.# ####
##.......#.###########
...# #
#..#..#..............
...#.# ##
#.>.....#.###########
...#.# .. #..#..###.#
.....#.###.##..#..#.#.#
...# #.........#@...#.#
...# #####.###.#S##.#.#
...# .........l# .#.#
#### ###......### #..
..## ...........# ...#
.##......#.# ##.#
#.......#.# .....
#.......# # ##.##.
#.......#


You could see an adder and a leopard gecko.

Vanquished Creatures
  An ooze (D:1)
  2 dart slugs (D:1)
  A leopard gecko (D:1)
  3 giant cockroaches
  2 hobgoblins (D:1)
  3 jackals (D:1)
  A kobold (D:1)
  2 ball pythons (D:1)
  5 bats (D:1)
  2 frilled lizards (D:1)
  2 goblins (D:1)
  5 rats
29 creatures vanquished.

Notes
Turn   | Place    | Note
-------+----------+-------------------------------------------
     0 | D:1      | Chiseanne the Spriggan Hunter began the quest for the Orb.
     0 | D:1      | Reached XP level 1. HP: 10/10 MP: 2/2
   311 | D:1      | Reached XP level 2. HP: 15/15 MP: 3/3
  1090 | D:1      | Reached XP level 3. HP: 12/18 MP: 4/4
  1926 | D:2      | Gained mutation: Your system is resistant to poisons. (rPois) [potion of mutation]
  1926 | D:2      | Gained mutation: Your spells are a little harder to cast, but a little more powerful. [potion of mutation]
  1926 | D:2      | Gained mutation: You have large cloven feet. [potion of mutation]
  1927 | D:2      | Succumbed to an adder's poison

Skill      XL: |  1  2  3 |
---------------+----------+-----
Fighting       | 2 |  2.2
Dodging        | 4 |  4.0
Throwing       | |  4.3
Stealth        | |  1.5

Action                   || total
-------------------------++-------
Melee: Short sword       ||    97
Throw: Tomahawk          ||    11
  Use: Potion            ||     2
 Stab: Sleeping          ||     3
Armor: Robe              ||     9
Dodge: Dodged            ||    87
